 Dungeon Crawl Stone Soup version 0.18.1-50-g88ac8fd (webtiles) character file.

12733 lorenzova the Grappler (level 11, 0/94 HPs)
             Began as a Troll Monk on Oct 12, 2016.
             Was a Priest of Qazlal.
             Slain by an unseen horror (8 damage)
             ... on level 12 of the Dungeon.
             The game lasted 00:29:53 (10148 turns).

lorenzova the Grappler (Troll Monk)                Turns: 10148, Time: 00:29:54

Health: 0/94       AC:  9    Str: 21    XL:     11   Next: 66%
Magic:  19/19      EV: 10    Int:  8    God:    Qazlal [***...]
Gold:   480        SH:  9    Dex: 21    Spells: 3 memorised, 17 levels left

rFire  . . .     SeeInvis .       - Unarmed
rCold  + . .     Gourm    +     n - +2 robe {MR+}
rNeg   . . .     Faith    .     (no shield)
rPois  .         Spirit   .     (helmet restricted)
rElec  +         Dismiss  .     N - +1 cloak
rCorr  .         Reflect  +     (gloves unavailable)
SustAt .         Harm     .     (boots unavailable)
MR     ++...                    U - +5 amulet of reflection
Stlth  +.........               z - ring of No Interval {rElec rC+ MR+ Dex+2}
                                f - +6 ring of dexterity

@: heavily drained, very resistant to hostile enchantments, very unstealthy
A: unfitting armour, claws 3, fast metabolism 3, gourmand, regeneration 2,
shaggy fur 1, tough skin 2
a: Upheaval, Elemental Force, Renounce Religion


You were on level 12 of the Dungeon.
You worshipped Qazlal.
Qazlal was most pleased with you.
You were not hungry.

You visited 2 branches of the dungeon, and saw 13 of its levels.
You also visited: Ossuary.

You collected 592 gold pieces.
You spent 112 gold pieces at shops.

Inventory:

Hand Weapons
 A - the +10 falchion of Petuag {speed, rC+ MP+9}
   (You found it on level 4 of the Dungeon)

   Attacks with this weapon are significantly faster.
   It protects you from cold.
   It affects your magic capacity (+9).
Armour
 m - a +0 large shield
 n - a +2 robe of magic resistance (worn)
 y - a +2 robe of cold resistance
 N - a +1 cloak (worn)
Jewellery
 e - an uncursed ring of wizardry
 f - a +6 ring of dexterity (left claw)
 z - the ring of No Interval (right claw) {rElec rC+ MR+ Dex+2}
   (You found it on level 4 of the Dungeon)

   [ring of protection from magic]

   It affects your dexterity (+2).
   It protects you from cold.
   It insulates you from electricity.
   It affects your resistance to hostile enchantments.
 E - an uncursed amulet of faith
 F - an uncursed ring of magical power
 U - a +5 amulet of reflection (around neck)
 X - an uncursed amulet of rage
Wands
 h - a wand of paralysis (19/24)
 r - a wand of paralysis (24/24)
 W - a wand of lightning (6/15)
 Y - a wand of digging (15/24)
 Z - a wand of paralysis (10/24)
Scrolls
 a - 5 scrolls of blinking
 c - a scroll of magic mapping {unknown}
 d - a scroll of immolation {unknown}
 g - a scroll of recharging
 j - 2 scrolls of teleportation
 k - 3 scrolls of amnesia
 t - 6 scrolls of remove curse
 x - a scroll of noise {unknown}
 C - 3 scrolls of fog {unknown}
 D - 2 scrolls of random uselessness {unknown}
 G - 2 scrolls of fear {unknown}
 H - 2 scrolls of enchant weapon {unknown}
 J - 7 scrolls of identify
 M - 3 scrolls of enchant armour
 P - a scroll of brand weapon {unknown}
 Q - a scroll of vulnerability {unknown}
Potions
 o - a potion of flight
 p - a potion of berserk rage
 s - a potion of degeneration {unknown}
 u - 2 potions of lignification {unknown}
 v - a potion of brilliance {unknown}
 w - 4 potions of curing
 B - a potion of agility {unknown}
 I - 2 potions of resistance
 L - a potion of ambrosia {unknown}
 O - a potion of invisibility {unknown}
 S - a potion of beneficial mutation {unknown}
Books
 K - a book of Spatial Translocations

   Spells                             Type                      Level
   a - Apportation                    Translocation                1
   b - Blink                          Translocation                2
   c - Shroud of Golubria             Charms/Translocation         2
   d - Portal Projectile              Translocation                3
   e - Teleport Other                 Translocation                3
   f - Passage of Golubria            Translocation                4
 T - a book of the Earth

   Spells                             Type                      Level
   a - Leda's Liquefaction            Hexes/Earth                  4
   b - Bolt of Magma                  Conjuration/Fire/Earth       5
   c - Statue Form                    Transmutation/Earth          6
   d - Iron Shot                      Conjuration/Earth            6
   e - Shatter                        Earth                        9
Comestibles
 b - 9 bread rations
 i - 2 meat rations
 q - 2 slices of pizza
 R - 2 royal jellies
 V - a beef jerky


   Skills:
 - Level 2.4(0.9) Fighting
 - Level 7.1(5.4) Throwing
 - Level 2.4(0.9) Dodging
 - Level 1.1(0.0) Stealth
 - Level 12.8(10.8) Unarmed Combat
 - Level 6.0(4.4) Spellcasting
 - Level 5.1(3.5) Translocations
 + Level 0.0 Invocations
 + Level 0.1(0.0) Evocations


You had 17 spell levels left.
You knew the following spells:

 Your Spells              Type           Power        Failure   Level  Hunger
a - Apportation           Tloc           #.........   10%         1    #......
b - Blink                 Tloc           N/A          12%         2    ###....
c - Shroud of Golubria    Chrm/Tloc      #.........   24%         2    ###....


Dungeon Overview and Level Annotations

Branches:
Dungeon (12/15)            Temple (1/1) D:6            Lair (0/8) D:11
    Orc (0/2) D:10

Altars:
Ashenzari
Cheibriados
Dithmenos
Elyvilon
Fedhas
Gozag
Kikubaaqudgha
Makhleb
Nemelex Xobeh
Okawaru
Pakellas
Qazlal
Ru
Sif Muna
Trog
Vehumet
Xom
Yredelemnul
Zin
The Shining One
Beogh

Shops:
D:6 [   D:7 ?

Portals:
Abyss: D:1***
Trove: D:12 (give +5 demon trident)


Innate Abilities, Weirdness & Mutations

You are too large for most types of armour.
You have claws for hands.
Your metabolism is lightning-fast.
You like to eat raw meat.
You heal very quickly.
You are covered in fur (AC +1).
You have very tough skin (AC +2).


Message History

Something hits you. Something hits you but does no damage.
Something hits you but does no damage. x2
Something hits you. Something hits you but does no damage. Something hits you!
* * * LOW HITPOINT WARNING * * *
Something hits you.
* * * LOW HITPOINT WARNING * * *
Something hits you but does no damage. Something hits you!
* * * LOW HITPOINT WARNING * * *
Something hits you.
* * * LOW HITPOINT WARNING * * *
Something hits you.
* * * LOW HITPOINT WARNING * * *
Something hits you.
* * * LOW HITPOINT WARNING * * *
Something hits you!
You die...

#.........# ##.$.##
#.........# ##.....##
#.........# #.......#
###<........# #.......#
............# #.......#
.........>..####.....##
..)..................##
......................#
................@.....#
........#..#...§..§...#
...............#.....##
...............##...##
.......####...........
.......###..##........#
......................#
......................#
............##....


There were no monsters in sight!

Vanquished Creatures
  The ghost of RudyRod the Covert, a journeyman NaFi of Cheibriados (D:10)
  Fannar (D:12)
  Urug (D:12)
  The ghost of olma the Ducker, a novice TrBe of Trog (D:8)
  A manticore (D:11)
  2 centaur zombies (D:10)
  2 trolls
  A two-headed ogre (D:11)
  Prince Ribbit (D:5)
  A spriggan (D:8)
  6 yaks (D:9)
  Sigmund (D:4)
  A vampire (D:11)
  2 wyverns (D:10)
  2 hungry ghosts
  A hippogriff (D:9)
  Menkaure (D:5)
  A water moccasin (D:9)
  Duvessa (D:7)
  8 orc warriors
  4 ice beasts
  6 phantoms
  3 sky beasts
  3 necrophages
  6 ogres
  2 centaurs (D:8)
  An elf zombie (Ossuary)
  Dowan (D:7)
  2 scorpions
  9 killer bees
  A howler monkey (D:6)
  4 crimson imps
  4 hounds
  3 jellies
  10 orc priests
  A wasp zombie (D:11)
  Crazy Yiuf (D:7)
  4 centaur skeletons
  A giant frog skeleton (D:5)
  Jessica (D:2)
  4 iguanas
  Terence (D:2)
  10 orc wizards
  11 worker ants
  3 killer bee zombies
  A big kobold zombie (Ossuary)
  4 mummies
  3 hound zombies
  2 hound skeletons
  Robin (D:2)
  14 gnolls
  14 adders
  5 shadow imps
  An ooze (D:1)
  2 adder zombies (Ossuary)
  An adder skeleton (D:4)
  4 worms
  A dart slug (D:2)
  7 giant geckos
  63 orcs
  3 ball pythons
  A giant cockroach (D:3)
  2 gnoll zombies (Ossuary)
  13 goblins
  12 hobgoblins
  10 jackals
  8 kobolds
  2 quokkas
  5 bats
  4 giant newts
  8 goblin zombies
  6 hobgoblin zombies
  3 jackal zombies (Ossuary)
  A kobold zombie (Ossuary)
  6 quokka zombies
  11 rats
  5 rat zombies (Ossuary)
  A plant (D:3)
356 creatures vanquished.

Notes
Turn   | Place    | Note
--------------------------------------------------------------
     0 | D:1      | lorenzova the Troll Monk began the quest for the Orb.
     0 | D:1      | Reached XP level 1. HP: 22/22 MP: 0/0
   308 | D:1      | Reached XP level 2. HP: 29/29 MP: 1/1
   542 | D:1      | Found a shimmering altar of Xom.
   716 | D:2      | Reached XP level 3. HP: 24/36 MP: 2/2
   719 | D:1      | Reached skill level 1 in Throwing
   719 | D:1      | Reached skill level 5 in Unarmed Combat
   800 | D:2      | Noticed Terence
   809 | D:2      | Killed Terence
   809 | D:2      | Reached XP level 4. HP: 44/44 MP: 3/3
   907 | D:2      | Found an oddly glowing altar of Pakellas.
   963 | D:2      | Noticed Robin
   984 | D:2      | Killed Robin
  1103 | D:2      | Found a faded altar to an unknown god.
  1290 | D:2      | Noticed Jessica
  1298 | D:2      | Killed Jessica
  1298 | D:2      | Reached skill level 6 in Unarmed Combat
  1298 | D:2      | Reached XP level 5. HP: 50/50 MP: 4/4
  1396 | D:3      | Noticed an ice beast
  1404 | D:3      | Killed an ice beast
  1471 | D:3      | Reached XP level 6. HP: 59/59 MP: 5/5
  1763 | D:3      | Found a basalt altar of Yredelemnul.
  2064 | D:4      | Reached skill level 7 in Unarmed Combat
  2153 | D:4      | Noticed Sigmund
  2176 | D:4      | Killed Sigmund
  2176 | D:4      | Reached XP level 7. HP: 16/66 MP: 6/6
  2283 | D:4      | Reached skill level 8 in Unarmed Combat
  2325 | D:4      | Found a sand-covered staircase.
  2333 | Ossuary  | Entered an ossuary
  2755 | D:4      | Found a radiant altar of Vehumet.
  2810 | D:4      | Got a bound tin ring
  2880 | D:4      | Got an encrusted falchion
  2881 | D:4      | Identified the +10 falchion of Petuag {speed, rC+ MP+9} (You found it on level 4 of the Dungeon)
  2897 | D:4      | Identified the ring of No Interval {rElec rC+ MR+ Dex+2} (You found it on level 4 of the Dungeon)
  3131 | D:5      | Entered Level 5 of the Dungeon
  3132 | D:5      | Noticed Menkaure
  3138 | D:5      | Killed Menkaure
  3138 | D:5      | Reached skill level 9 in Unarmed Combat
  3138 | D:5      | Reached XP level 8. HP: 74/74 MP: 7/7
  3195 | D:5      | Noticed Prince Ribbit
  3632 | D:5      | Killed Prince Ribbit
  3632 | D:5      | Reached skill level 10 in Unarmed Combat
  3743 | D:5      | Noticed a moth of wrath
  3746 | D:5      | Found a bloodstained altar of Trog.
  3995 | D:6      | Found a blossoming altar of Fedhas.
  4008 | D:6      | Found a staircase to the Ecumenical Temple.
  4230 | D:6      | Found Suiceo's Armour Shop.
  4289 | D:6      | Reached skill level 11 in Unarmed Combat
  4289 | D:6      | Reached XP level 9. HP: 80/80 MP: 8/8
  4457 | D:6      | Reached skill level 5 in Throwing
  4654 | Temple   | Entered the Ecumenical Temple
  5154 | D:7      | Noticed Duvessa
  5156 | D:7      | Noticed Dowan
  5172 | D:7      | Killed Duvessa
  5176 | D:7      | Killed Dowan
  5304 | D:7      | Found Pisoxo's Magic Scroll Emporium.
  5313 | D:7      | Bought a scroll of enchant armour for 112 gold pieces
  5349 | D:7      | Found a glowing silver altar of Zin.
  5488 | D:7      | Noticed Crazy Yiuf
  5491 | D:7      | Killed Crazy Yiuf
  5540 | D:8      | Noticed olma's ghost (novice TrBe)
  5560 | D:8      | Killed olma's ghost
  5560 | D:8      | Reached skill level 12 in Unarmed Combat
  6319 | D:8      | Reached XP level 10. HP: 76/87 MP: 13/13
  6511 | D:9      | Found a roughly hewn altar of Beogh.
  6883 | D:9      | Learned a level 1 spell: Apportation
  6886 | D:9      | Learned a level 2 spell: Blink
  6889 | D:9      | Learned a level 2 spell: Shroud of Golubria
  7195 | D:9      | Found a shimmering altar of Xom.
  7203 | D:9      | Found an opulent altar of Gozag.
  7225 | D:9      | Found a stormy altar of Qazlal.
  7225 | D:9      | Found a shattered altar of Ashenzari.
  7225 | D:9      | Found a snail-covered altar of Cheibriados.
  7734 | D:9      | Became a worshipper of Qazlal Stormbringer
  7734 | D:9      | Reached * piety under Qazlal
  7734 | D:9      | Reached ** piety under Qazlal
  7832 | D:10     | Entered Level 10 of the Dungeon
  7840 | D:10     | Reached skill level 1 in Translocations
  8081 | D:10     | Noticed RudyRod's ghost (journeyman NaFi)
  8091 | D:10     | Killed RudyRod's ghost
  8354 | D:10     | Reached XP level 11. HP: 93/93 MP: 17/17
  8506 | D:10     | Found a staircase to the Orcish Mines.
  8772 | D:11     | Reached skill level 5 in Spellcasting
  8776 | D:11     | Found a staircase to the Lair.
  8944 | D:11     | Reached *** piety under Qazlal
  9059 | D:11     | Noticed an eight-headed hydra
  9697 | D:12     | Noticed Fannar
  9711 | D:12     | Killed Fannar
  9931 | D:12     | Noticed Urug
  9953 | D:12     | Killed Urug
  9953 | D:12     | Reached skill level 5 in Translocations
 10055 | D:12     | Found a portal to a secret trove of treasure.
 10148 | D:12     | Slain by an unseen horror

Skill      XL: |  1  2  3  4  5  6  7  8  9 10 11 |
---------------+----------------------------------+-----
Throwing       | 1 2 3 4 6 7 |  7.1
Unarmed Combat | 5 6 7 9 11 12 | 12.8
Spellcasting   | 2 4 6 |  6.0
Translocations | 2 5 |  5.1
Fighting       | |  2.4
Dodging        | |  2.4
Stealth        | |  1.1
Evocations     | |  0.1

Action                   |  1- 3 |  4- 6 |  7- 9 | 10-12 || total
-------------------------+-------+-------+-------+-------++-------
Melee: Unarmed           |    58 |   161 |   451 |   384 ||  1054
       Punch             |     3 |     1 |       |    27 ||    31
Throw: Large rock        |       |       |       |     7 ||     7
 Cast: Blink             |       |       |       |     5 ||     5
Invok: Upheaval          |       |       |       |     1 ||     1
  Use: Scroll            |       |     2 |     8 |     3 ||    13
       Potion            |       |       |       |     7 ||     7
 Stab: Sleeping          |     2 |     1 |     7 |     1 ||    11
       Distracted        |       |       |     3 |       ||     3
  Eat: Chunk             |    13 |     7 |    44 |    32 ||    96
Armor: Robe              |    15 |    40 |    95 |   141 ||   291
Dodge: Dodged            |    34 |    56 |    71 |   186 ||   347
Block: Large shield      |       |    49 |   258 |    59 ||   366
       Other             |       |       |       |   119 ||   119
       Reflection        |       |       |       |     1 ||     1
